[ AOE2 MATCH · #505820622 ]
UnrankedBritons vs Byzantines
Player's team · WIN
[ REPLAY ANALYSIS · EXTRACTED FROM THE RECORDED GAME ]
Feudal
8:26
Castle
22:07
Imperial
40:07
| APM avg | 48.8 |
| APM peak | 101 |
| eAPM avg | 23.7 |
| Villagers / military | 167 / 115 |
Focus
⚔️ 47.3% · 🌾 52.7%
Scout Cavalry ×45 · Longbowman ×42 · Archer ×15 · Knight ×4 · Spearman ×3 · Trebuchet (Packed) ×3
Feudal
8:51
Castle
25:33
Imperial
47:36
| APM avg | 62.9 |
| APM peak | 89 |
| eAPM avg | 27.6 |
| Villagers / military | 158 / 250 |
Focus
⚔️ 49.0% · 🌾 51.0%
Skirmisher ×105 · Archer ×67 · Scout Cavalry ×21 · Camel Scout ×18 · Mangonel ×12 · Spearman ×11
Match map
Initial resources + every placement click. Lines = walls · curves = elevation contours. ◆ gold · ⬟ stone · ● berries · ✦ relic · ◌ wall gap
Your base· ✓ Closed at 22:07 · 1t walls · 1 gate(s)
danchoi's base· Open — opponent sealed themselves in
Smoothed initial terrain · ◌ = detected wall gap · hover for details
Inputs per minute
— Ghosty - - danchoi
Build order — Ghosty
First 150 of 434 actions detected
| 0:01 | Create | Villager (Male) ×4 |
| 0:02 | Build | House |
| 0:04 | Build | House |
| 1:24 | Create | Villager (Male) |
| 1:24 | Create | Villager (Male) |
| 1:38 | Create | Villager (Male) |
| 1:49 | Build | Lumber Camp |
| 1:54 | Create | Villager (Male) |
| 2:16 | Create | Villager (Male) |
| 2:16 | Create | Villager (Male) |
| 2:40 | Create | Villager (Male) |
| 2:56 | Create | Villager (Male) |
| 3:22 | Create | Villager (Male) |
| 3:32 | Create | Villager (Male) |
| 3:49 | Build | House |
| 3:51 | Build | House |
| 4:02 | Create | Villager (Male) |
| 4:13 | Create | Villager (Male) |
| 4:47 | Build | Mill |
| 5:04 | Research | Loom |
| 6:07 | Research | Feudal Age |
| 6:57 | Create | Villager (Male) |
| 6:57 | Create | Villager (Male) |
| 7:12 | Build | Barracks |
| 8:12 | Build | House |
| 8:26 | Age | Feudal Age |
| 8:30 | Build | Stable |
| 8:35 | Research | Double-Bit Axe |
| 8:52 | Create | Villager (Male) |
| 9:10 | Create | Villager (Male) |
| 9:10 | Create | Scout Cavalry |
| 9:11 | Create | Scout Cavalry |
| 9:18 | Build | Farm |
| 9:22 | Build | Farm |
| 9:27 | Create | Spearman |
| 9:36 | Build | House |
| 9:58 | Create | Villager (Male) |
| 10:06 | Create | Villager (Male) |
| 10:11 | Build | House |
| 10:27 | Build | Mining Camp |
| 10:34 | Create | Villager (Male) |
| 10:44 | Create | Scout Cavalry |
| 10:49 | Create | Villager (Male) |
| 11:05 | Create | Villager (Male) |
| 11:13 | Build | Archery Range |
| 11:30 | Create | Scout Cavalry |
| 11:32 | Create | Villager (Male) |
| 11:36 | Build | Watch Tower |
| 12:08 | Create | Villager (Male) |
| 12:16 | Create | Villager (Male) |
| 12:32 | Create | Villager (Male) |
| 12:34 | Create | Archer |
| 12:34 | Create | Archer |
| 12:37 | Build | Blacksmith |
| 12:46 | Create | Villager (Male) |
| 12:55 | Build | Palisade Wall |
| 13:06 | Create | Spearman |
| 13:21 | Create | Villager (Male) |
| 13:34 | Create | Villager (Male) |
| 13:47 | Research | Fletching |
| 13:47 | Research | Fletching |
| 13:48 | Create | Archer |
| 13:51 | Build | Farm |
| 13:54 | Build | Farm |
| 13:58 | Create | Villager (Male) |
| 14:18 | Create | Archer |
| 14:27 | Create | Villager (Male) |
| 14:29 | Build | Farm |
| 14:34 | Build | Farm |
| 14:35 | Create | Scout Cavalry |
| 14:42 | Create | Villager (Male) |
| 14:47 | Build | House |
| 14:48 | Build | House |
| 14:53 | Build | Farm |
| 14:57 | Create | Archer |
| 15:01 | Create | Scout Cavalry |
| 15:04 | Build | Farm |
| 15:06 | Build | Farm |
| 15:12 | Create | Archer |
| 15:14 | Create | Villager (Male) |
| 15:20 | Create | Spearman |
| 15:44 | Create | Villager (Male) |
| 15:51 | Create | Archer |
| 16:18 | Create | Villager (Male) |
| 16:29 | Build | Market |
| 16:31 | Build | Farm |
| 16:32 | Build | Farm |
| 16:51 | Research | Horse Collar |
| 16:54 | Build | House |
| 16:55 | Build | House |
| 17:07 | Create | Archer |
| 17:07 | Create | Archer |
| 17:50 | Create | Villager (Male) |
| 17:58 | Create | Villager (Male) |
| 18:29 | Create | Archer |
| 18:33 | Build | Farm |
| 18:35 | Build | Farm |
| 19:01 | Build | Mining Camp |
| 19:14 | Build | Farm |
| 19:27 | Research | Castle Age |
| 19:40 | Create | Archer |
| 19:49 | Create | Archer |
| 20:03 | Research | Gold Mining |
| 21:01 | Build | Mill |
| 21:18 | Build | Palisade Gate |
| 21:41 | Research | Scale Barding Armor |
| 21:54 | Build | House |
| 21:58 | Create | Villager (Male) |
| 22:07 | Age | Castle Age |
| 22:10 | Research | Crossbowman (upgrade) |
| 22:14 | Build | House |
| 22:22 | Build | Town Center |
| 22:24 | Create | Villager (Male) |
| 22:26 | Create | Knight |
| 22:26 | Create | Knight |
| 22:46 | Create | Villager (Male) |
| 22:50 | Create | Archer |
| 23:15 | Research | Gold Shaft Mining |
| 23:20 | Create | Villager (Male) |
| 23:22 | Create | Villager (Male) |
| 23:42 | Create | Villager (Male) |
| 23:53 | Create | Villager (Male) |
| 23:57 | Create | Villager (Male) |
| 24:01 | Build | House |
| 24:03 | Build | House |
| 24:07 | Create | Villager (Male) |
| 24:14 | Build | Town Center |
| 24:20 | Create | Villager (Male) |
| 24:34 | Create | Villager (Male) |
| 24:44 | Build | Siege Workshop |
| 24:50 | Create | Villager (Male) |
| 24:50 | Create | Villager (Male) |
| 25:18 | Create | Villager (Male) |
| 25:30 | Create | Villager (Male) |
| 25:45 | Create | Villager (Male) |
| 25:58 | Create | Villager (Male) |
| 26:00 | Create | Villager (Male) |
| 26:16 | Create | Villager (Male) |
| 26:16 | Create | Villager (Male) |
| 26:27 | Create | Villager (Male) |
| 26:35 | Build | House |
| 26:38 | Build | House |
| 26:40 | Build | House |
| 26:44 | Build | House |
| 26:50 | Build | House |
| 26:55 | Create | Villager (Male) |
| 27:01 | Create | Villager (Male) |
| 27:06 | Build | House |
| 27:17 | Create | Villager (Male) |
| 27:20 | Build | Watch Tower |
Build order — danchoi
First 150 of 609 actions detected
| 0:01 | Create | Villager (Male) |
| 0:02 | Build | House |
| 0:03 | Build | House |
| 0:06 | Create | Villager (Male) |
| 0:06 | Create | Villager (Male) |
| 0:07 | Create | Villager (Male) |
| 1:24 | Create | Villager (Male) |
| 1:24 | Create | Villager (Male) |
| 1:25 | Create | Villager (Male) |
| 1:50 | Build | Lumber Camp |
| 1:52 | Create | Villager (Male) |
| 1:53 | Create | Villager (Male) |
| 1:53 | Create | Villager (Male) |
| 2:24 | Create | Villager (Male) |
| 2:25 | Create | Villager (Male) |
| 2:44 | Create | Villager (Male) |
| 2:45 | Create | Villager (Male) |
| 3:02 | Create | Villager (Male) |
| 3:03 | Create | Villager (Male) |
| 3:30 | Create | Villager (Male) |
| 3:41 | Create | Villager (Male) |
| 3:41 | Create | Villager (Male) |
| 3:49 | Build | House |
| 4:15 | Create | Villager (Male) |
| 4:38 | Create | Villager (Male) |
| 4:48 | Create | Villager (Male) |
| 5:09 | Build | Mill |
| 5:23 | Create | Villager (Male) |
| 5:44 | Research | Loom |
| 6:35 | Research | Feudal Age |
| 6:35 | Research | Feudal Age |
| 6:36 | Research | Feudal Age |
| 7:04 | Build | House |
| 7:38 | Build | Barracks |
| 8:39 | Build | Palisade Wall |
| 8:40 | Build | Palisade Wall |
| 8:42 | Build | Palisade Wall |
| 8:51 | Age | Feudal Age |
| 8:58 | Build | Stable |
| 8:58 | Create | Villager (Male) |
| 8:59 | Research | Double-Bit Axe |
| 8:59 | Research | Double-Bit Axe |
| 9:11 | Create | Villager (Male) |
| 9:16 | Build | House |
| 9:26 | Create | Villager (Male) |
| 9:32 | Create | Spearman |
| 9:41 | Create | Scout Cavalry |
| 9:41 | Create | Scout Cavalry |
| 9:46 | Create | Villager (Male) |
| 9:55 | Research | Horse Collar |
| 9:55 | Research | Horse Collar |
| 9:55 | Research | Horse Collar |
| 10:21 | Create | Villager (Male) |
| 10:25 | Build | House |
| 10:28 | Build | Farm |
| 10:30 | Build | Farm |
| 10:33 | Create | Scout Cavalry |
| 10:34 | Create | Spearman |
| 10:57 | Build | Palisade Wall |
| 10:58 | Build | Palisade Wall |
| 11:03 | Create | Villager (Male) |
| 11:20 | Build | House |
| 11:21 | Build | House |
| 11:23 | Create | Scout Cavalry |
| 11:24 | Create | Villager (Male) |
| 11:28 | Build | Farm |
| 12:00 | Create | Villager (Male) |
| 12:01 | Create | Scout Cavalry |
| 12:14 | Create | Villager (Male) |
| 12:26 | Create | Villager (Male) |
| 12:28 | Build | Farm |
| 12:34 | Build | Archery Range |
| 12:44 | Build | Farm |
| 12:49 | Create | Scout Cavalry |
| 12:50 | Create | Spearman |
| 13:07 | Create | Archer |
| 13:08 | Create | Scout Cavalry |
| 13:22 | Create | Villager (Male) |
| 13:23 | Create | Villager (Male) |
| 13:25 | Build | Farm |
| 13:26 | Build | Farm |
| 13:29 | Create | Skirmisher |
| 13:50 | Create | Villager (Male) |
| 13:59 | Create | Scout Cavalry |
| 14:01 | Create | Skirmisher |
| 14:02 | Create | Villager (Male) |
| 14:05 | Build | Mining Camp |
| 14:20 | Create | Villager (Male) |
| 14:32 | Build | Farm |
| 14:35 | Create | Scout Cavalry |
| 14:37 | Build | House |
| 14:39 | Build | House |
| 14:57 | Create | Scout Cavalry |
| 15:02 | Build | House |
| 15:04 | Create | Villager (Male) |
| 15:29 | Create | Villager (Male) |
| 15:35 | Build | Mining Camp |
| 15:52 | Build | House |
| 15:54 | Build | House |
| 15:54 | Create | Spearman |
| 15:55 | Create | Spearman |
| 16:03 | Build | House |
| 16:05 | Build | Palisade Wall |
| 16:32 | Create | Villager (Male) |
| 16:40 | Create | Spearman |
| 16:53 | Create | Skirmisher |
| 16:54 | Create | Skirmisher |
| 16:56 | Create | Archer |
| 16:56 | Create | Archer |
| 16:57 | Create | Scout Cavalry |
| 16:57 | Create | Scout Cavalry |
| 16:58 | Create | Villager (Male) |
| 17:03 | Build | House |
| 17:04 | Build | House |
| 17:17 | Create | Villager (Male) |
| 17:57 | Create | Villager (Male) |
| 18:01 | Build | Watch Tower |
| 18:06 | Create | Archer |
| 18:07 | Create | Scout Cavalry |
| 18:07 | Create | Scout Cavalry |
| 18:07 | Create | Scout Cavalry |
| 18:09 | Build | Farm |
| 18:09 | Build | Farm |
| 18:10 | Build | Farm |
| 18:10 | Build | Farm |
| 18:10 | Build | Farm |
| 18:12 | Build | Farm |
| 18:29 | Create | Villager (Male) |
| 18:32 | Build | Blacksmith |
| 18:36 | Build | Stone Wall |
| 18:37 | Build | House |
| 18:54 | Create | Villager (Male) |
| 18:59 | Build | House |
| 19:03 | Create | Archer |
| 19:04 | Create | Scout Cavalry |
| 19:04 | Create | Scout Cavalry |
| 19:04 | Create | Scout Cavalry |
| 19:14 | Build | Palisade Wall |
| 19:17 | Build | Palisade Wall |
| 19:18 | Build | Palisade Wall |
| 19:21 | Create | Villager (Male) |
| 19:23 | Build | Farm |
| 19:28 | Create | Archer |
| 19:50 | Build | Watch Tower |
| 19:56 | Create | Scout Cavalry |
| 19:57 | Create | Archer |
| 19:58 | Create | Scout Cavalry |
| 19:59 | Create | Villager (Male) |
| 20:09 | Research | Fletching |
| 20:09 | Research | Fletching |
Match timeline
| 7:12 | Ghosty · first_building Barracks |
| 7:38 | danchoi · first_building Barracks |
| 8:26 | Ghosty · age_up feudal |
| 8:30 | Ghosty · first_building Stable |
| 8:39 | danchoi · wall_segment Palisade Wall x1 |
| 8:40 | danchoi · wall_segment Palisade Wall x1 |
| 8:42 | danchoi · wall_segment Palisade Wall x1 |
| 8:51 | danchoi · age_up feudal |
| 8:58 | danchoi · first_building Stable |
| 10:57 | danchoi · wall_segment Palisade Wall x1 |
| 10:58 | danchoi · wall_segment Palisade Wall x1 |
| 11:13 | Ghosty · first_building Archery Range |
| 12:34 | danchoi · first_building Archery Range |
| 12:55 | Ghosty · wall_segment Palisade Wall x1 |
| 16:05 | danchoi · wall_segment Palisade Wall x1 |
| 18:36 | danchoi · wall_segment Stone Wall x1 |
| 18:40 | Ghosty · first_market_buy 500 food |
| 18:40 | Ghosty · first_market_sell 500 wood |
| 19:14 | danchoi · wall_segment Palisade Wall x1 |
| 19:17 | danchoi · wall_segment Palisade Wall x1 |
| 19:18 | danchoi · wall_segment Palisade Wall x1 |
| 21:59 | danchoi · first_market_buy 100 food |
| 22:07 | Ghosty · age_up castle |
| 22:46 | danchoi · first_market_sell 100 wood |
| 24:02 | danchoi · wall_segment Stone Wall x1 |
| 24:04 | danchoi · wall_segment Stone Wall x1 |
| 24:06 | danchoi · wall_segment Stone Wall x1 |
| 24:44 | Ghosty · first_building Siege Workshop |
| 25:33 | danchoi · age_up castle |
| 25:48 | danchoi · first_building Monastery |
| 28:25 | Ghosty · wall_segment Stone Wall x1 |
| 28:28 | Ghosty · wall_segment Stone Wall x1 |
| 29:02 | danchoi · first_building Siege Workshop |
| 32:14 | Ghosty · first_building Castle |
| 38:35 | danchoi · wall_segment Stone Wall x1 |
| 38:35 | danchoi · wall_segment Stone Wall x1 |
| 38:36 | danchoi · wall_segment Stone Wall x1 |
| 38:36 | danchoi · wall_segment Stone Wall x1 |
| 39:48 | danchoi · first_building Castle |
| 40:07 | Ghosty · age_up imperial |
| 42:16 | Ghosty · wall_segment Palisade Wall x1 |
| 47:36 | Ghosty · first_building Monastery |
| 47:36 | danchoi · age_up imperial |
| 51:26 | danchoi · resign |
[ AI ANALYSIS · 1 CREDIT ]
What really happened in this match?
Wolo.gg analyzes every decision: build order, eco, micro, common mistakes by bracket. Personalized analysis on WhatsApp or Discord in 30 seconds.
Civ guide
Britons
Perfil
Jugador #24926497